 Dungeon Crawl Stone Soup version 0.26.0-15-gc6cd9f700b (webtiles) character file.

Game seed: 14889603888083453280

110 EnegeticOcto the Chiller (level 4, -1/32 HPs)
             Began as a Gnoll Ice Elementalist on Jan 16, 2021.
             Slain by an ogre
             ... wielding a +0 giant club
              (15 damage)
             ... on level 4 of the Dungeon.
             The game lasted 00:02:54 (445 turns).

EnegeticOcto the Chiller (Gnoll Ice Elementalist)    Turns: 445, Time: 00:02:55

Health: -1/32      AC:  3    Str: 10    XL:     4   Next: 91%
Magic:  2/11       EV: 15    Int: 18    God:
Gold:   22         SH:  0    Dex: 16    Spells: 9/13 levels left

rFire    . . .     SeeInvis .   e - +0 hand axe
rCold    . . .     Faith    .   (no shield)
rNeg     . . .     Spirit   .   a - +0 robe
rPois    .         Reflect  .   (no helmet)
rElec    .         Harm     .   (no cloak)
rCorr    .         Rampage  .   h - +0 pair of gloves
Will     .....                  (no boots)
Stlth    +++.......             (no amulet)
HPRegen  0.10/turn              (no ring)
MPRegen  0.12/turn              (no ring)

@: frozen ramparts
A: distributed training, fangs 1, strong nose
a: no special abilities


You were on level 4 of the Dungeon.
You visited 1 branch of the dungeon, and saw 4 of its levels.

You collected 22 gold pieces.

Inventory:

Hand Weapons
 c - a +0 dagger
   (You took it off a goblin on level 1 of the Dungeon)
 e - a +0 hand axe (weapon)
   (You found it on level 2 of the Dungeon)
Armour
 a - a +0 robe (worn)
 h - a +0 pair of gloves (worn)
   (You found it on level 4 of the Dungeon)
 i - a +0 buckler
   (You found it on level 3 of the Dungeon)
Wands
 g - a wand of flame (17) {@v4}
   (You found it on level 4 of the Dungeon)
Scrolls
 b - a scroll of teleportation {unknown}
 j - 3 scrolls of identify {unknown}
 k - a scroll of magic mapping {unknown}
Potions
 d - 2 potions of brilliance {unknown}
 f - a potion of heal wounds {unknown}


   Skills:
 + Level 1.2 Fighting
 + Level 1.2 Short Blades
 + Level 1.2 Long Blades
 + Level 1.2 Axes
 + Level 1.2 Maces & Flails
 + Level 1.2 Polearms
 + Level 1.2 Staves
 + Level 1.2 Slings
 + Level 1.2 Bows
 + Level 1.2 Crossbows
 + Level 1.2 Throwing
 + Level 1.2 Armour
 + Level 4.7 Dodging
 + Level 4.3 Stealth
 + Level 1.2 Shields
 + Level 1.2 Unarmed Combat
 + Level 5.1 Spellcasting
 + Level 1.0 Conjurations
 + Level 1.0 Hexes
 + Level 1.0 Summonings
 + Level 1.0 Necromancy
 + Level 1.0 Translocations
 + Level 1.0 Transmutations
 + Level 1.0 Fire Magic
 + Level 7.1 Ice Magic
 + Level 1.0 Air Magic
 + Level 1.0 Earth Magic
 + Level 1.0 Poison Magic
 + Level 1.4 Invocations
 + Level 1.2 Evocations


You had 9 spell levels left.
You knew the following spells:

 Your Spells              Type           Power        Failure   Level
a - Freeze                Ice            100%         1%          1
b - Frozen Ramparts       Ice            60%          1%          3

Your spell library contained the following spells:

 Spells                   Type           Power        Failure   Level
 Ozocubu's Armour         Ice            30%          1%          3
 Hailstorm                Conj/Ice       19%          24%         4
 Summon Ice Beast         Ice/Summ       19%          24%         4


Dungeon Overview and Level Annotations

Branches:
Dungeon (4/15)
 Temple: D:4-7

Altars:
Nemelex Xobeh
Ru


Innate Abilities, Weirdness & Mutations

Your experience applies equally to all skills.
You have very sharp teeth.
Your uncanny sense of smell can sniff out nearby items.


Message History

Orders for allies: a - Attack new target. r - Retreat! s - Stop attacking. g - Guard the area. f - Follow me.
Anything else - Cancel.
You bark for attention!
Casting: Freeze (safe; 1% risk of failure)
Confirm with . or Enter, or press ? or * to list all spells.
Casting: Frozen Ramparts (dangerous; 2% risk of failure)
Press: ? - help, Dir - look around, f - activate The walls around you are covered in ice.
The wall freezes the adder.
The adder bites you.
You are poisoned.
The adder poisons you!
You hit the adder.
The adder is severely wounded.
You feel sick.
The wall freezes the adder.
The adder barely misses you.
The wall freezes the adder.
You kill the adder!
You have reached level 4!
You feel agile.
Casting: Frozen Ramparts (dangerous; 2% risk of failure)
Confirm with . or Enter, or press ? or * to list all spells.
Aiming: Freeze (safe; 1% risk of failure)
Press: ? - help, Shift-Dir - straight line, f - scorpion
Aim: a scorpion You freeze the scorpion.
The scorpion is lightly wounded.
The wall freezes the scorpion.
The scorpion closely misses you.
You hit the scorpion but do no damage.
The scorpion is heavily wounded.
You feel sick.
The wall freezes the scorpion.
The scorpion misses you.
You completely miss the scorpion.
The scorpion is heavily wounded.
The wall freezes the scorpion.
The scorpion closely misses you.
The wall freezes the scorpion!
You kill the scorpion!
Your Conjurations skill increases to level 1!
Your Hexes skill increases to level 1!
Your Summonings skill increases to level 1!
Your Necromancy skill increases to level 1!
Your Translocations skill increases to level 1!
Your Transmutations skill increases to level 1!
Your Fire Magic skill increases to level 1!
Your Air Magic skill increases to level 1!
Your Earth Magic skill increases to level 1!
Your Poison Magic skill increases to level 1!
The frozen ramparts melt away as you move.
You see here a leopard gecko corpse.
You feel sick.
j - 2 scrolls labelled PYGRAS WUNORGHU You feel sick.
You feel sick.
You are no longer poisoned.
Found a scroll labelled NUH MAUPHIYR and a blue potion.
j - 3 scrolls labelled PYGRAS WUNORGHU (gained 1)
k - a scroll labelled NUH MAUPHIYR You hear the slow rusting of a drain nearby.
Found a stone staircase leading down.
d - 2 blue potions (gained 1)
A worm comes into view.
Found 19 stones. 2 jackals come into view.
Found a runed ring mail and 17 gold pieces.
An ogre comes into view. It is wielding a +0 giant club.
A jackal comes into view.
The jackal barks! x3; You hear a bark!
The ogre shouts!
You see here a runed ring mail.
Casting: Freeze (safe; 1% risk of failure)
Confirm with . or Enter, or press ? or * to list all spells.
Casting: Frozen Ramparts (safe; 1% risk of failure)
Press: ? - help, Dir - look around, f - activate A rock wall.
The walls around you are covered in ice.
A jackal comes into view.
The wall freezes the jackal.
The wall freezes the jackal.
The jackal barely misses you.
The wall freezes the ogre.
The wall freezes the jackal.
You kill the jackal!
The wall freezes the ogre.
Casting: Frozen Ramparts (safe; 1% risk of failure)
Confirm with . or Enter, or press ? or * to list all spells.
Aiming: Freeze (safe; 1% risk of failure)
Press: ? - help, Shift-Dir - straight line, f - ogre
Aim: an ogre, wielding a +0 giant club (moderately wounded)
You freeze the ogre!
The ogre is severely wounded.
The wall freezes the jackal.
The wall freezes the ogre.
The ogre barely misses you.
The wall freezes the jackal but does no damage.
Casting: Freeze (safe; 1% risk of failure)
Confirm with . or Enter, or press ? or * to list all spells.
Aiming: Freeze (safe; 1% risk of failure)
Press: ? - help, Shift-Dir - straight line, f/p - ogre
Aim: an ogre, wielding a +0 giant club (severely wounded)
You freeze the ogre.
The ogre is almost dead.
The wall freezes the jackal.
The wall freezes the jackal but does no damage.
The wall freezes the ogre.
The ogre hits you with a +0 giant club!
You die...

#..............#
##...#.........#
#....#.##......#
#
#......##......#
..
##..##.....#.##
... #. #.....#.#
.... ## ##.#....#
.....
#####..####h..$..
###.#.@Ohh....
#.....###.....
#..w.#.# ...
#...##.# . #.##
#.. ... ###. .(.
## ... ∆


You could see an ogre, a worm and 3 jackals.

Vanquished Creatures
  A scorpion (D:4)
  3 adders
  An ooze (D:3)
  A dart slug (D:4)
  2 leopard geckos
  2 bats
  3 jackals
  A frilled lizard (D:2)
  6 goblins
  4 kobolds
  4 rats
28 creatures vanquished.

Notes
Turn   | Place    | Note
-------+----------+-------------------------------------------
     0 | D:1      | EnegeticOcto the Gnoll Ice Elementalist began the quest for
                  | the Orb.
     0 | D:1      | Reached XP level 1. HP: 13/13 MP: 6/6
    86 | D:1      | Reached XP level 2. HP: 12/19 MP: 4/7
   151 | D:2      | Found a sparkling altar of Nemelex Xobeh.
   179 | D:2      | Reached XP level 3. HP: 5/25 MP: 1/9
   186 | D:2      | Learned a level 3 spell: Frozen Ramparts
   197 | D:3      | Found a sacrificial altar of Ru.
   209 | D:3      | Reached skill level 5 in Spellcasting
   339 | D:4      | Reached skill level 1 in Invocations
   392 | D:4      | Noticed a scorpion
   400 | D:4      | Reached skill level 1 in Fighting
   400 | D:4      | Reached skill level 1 in Short Blades
   400 | D:4      | Reached skill level 1 in Long Blades
   400 | D:4      | Reached skill level 1 in Axes
   400 | D:4      | Reached skill level 1 in Maces & Flails
   400 | D:4      | Reached skill level 1 in Polearms
   400 | D:4      | Reached skill level 1 in Staves
   400 | D:4      | Reached skill level 1 in Slings
   400 | D:4      | Reached skill level 1 in Bows
   400 | D:4      | Reached skill level 1 in Crossbows
   400 | D:4      | Reached skill level 1 in Throwing
   400 | D:4      | Reached skill level 1 in Armour
   400 | D:4      | Reached skill level 1 in Shields
   400 | D:4      | Reached skill level 1 in Unarmed Combat
   400 | D:4      | Reached skill level 1 in Evocations
   404 | D:4      | Reached XP level 4. HP: 13/32 MP: 3/11
   408 | D:4      | Reached skill level 1 in Conjurations
   408 | D:4      | Reached skill level 1 in Hexes
   408 | D:4      | Reached skill level 1 in Summonings
   408 | D:4      | Reached skill level 1 in Necromancy
   408 | D:4      | Reached skill level 1 in Translocations
   408 | D:4      | Reached skill level 1 in Transmutations
   408 | D:4      | Reached skill level 1 in Fire Magic
   408 | D:4      | Reached skill level 1 in Air Magic
   408 | D:4      | Reached skill level 1 in Earth Magic
   408 | D:4      | Reached skill level 1 in Poison Magic
   439 | D:4      | Noticed an ogre
   445 | D:4      | Slain by an ogre

Illustrated notes

Levels and vault maps discovered:
D:1:      ebering_trefoil_3fold, layout_basic, hangedman_abyss_or_decor_stabs,
          grunt_decor_resistance
D:2:      layout_rooms, nicolae_overflow_crystal_walls,
          nemelex_xobeh_ov_fountains_minmay
D:3:      layout_basic, overflow_temple_1_default, uniq_robin
D:4:      layout_cave_pools, cheibriados_altar_1, portal_sewer_entry_d

Skill      XL: |  1  2  3  4 |
---------------+-------------+-----
Spellcasting   | 5 |  5.1
Invocations    | 1 |  1.4
Fighting       | 1 |  1.2
Short Blades   | 1 |  1.2
Long Blades    | 1 |  1.2
Axes           | 1 |  1.2
Maces & Flails | 1 |  1.2
Polearms       | 1 |  1.2
Staves         | 1 |  1.2
Slings         | 1 |  1.2
Bows           | 1 |  1.2
Crossbows      | 1 |  1.2
Throwing       | 1 |  1.2
Armour         | 1 |  1.2
Shields        | 1 |  1.2
Unarmed Combat | 1 |  1.2
Evocations     | 1 |  1.2
Conjurations   | 1 |  1.0
Hexes          | 1 |  1.0
Summonings     | 1 |  1.0
Necromancy     | 1 |  1.0
Translocations | 1 |  1.0
Transmutations | 1 |  1.0
Fire Magic     | 1 |  1.0
Air Magic      | 1 |  1.0
Earth Magic    | 1 |  1.0
Poison Magic   | 1 |  1.0
Dodging        | |  4.7
Stealth        | |  4.3
Ice Magic      | |  7.1

Action                   |  1- 3 |  4- 6 || total
-------------------------+-------+-------++-------
Melee: Unarmed           |     2 |       ||     2
       Dagger            |     7 |       ||     7
       Bite              |     2 |       ||     2
       Hand axe          |    13 |     2 ||    15
 Cast: Freeze            |    38 |     3 ||    41
       Frozen Ramparts   |     1 |     1 ||     2
Armor: Robe              |     3 |       ||     3
Dodge: Dodged            |    40 |     5 ||    45
